Map: Green Acres

Players

neulaender

  • Race: Zerg Zerg
  • Spawn Location: 7:00

Baumdoktor

  • Race: Protoss Protoss
  • Spawn Location: 9:00

BennTenn

  • Race: Terran Terran
  • Spawn Location: 6:00

A.I. 3 (Elite)

  • Race: Zerg Zerg
  • Spawn Location: 3:00

A.I. 4 (Very Hard)

  • Race: Protoss Protoss
  • Spawn Location: 1:00

A.I. 5 (Elite)

  • Race: Protoss Protoss
  • Spawn Location: 12:00

VOD

Have the link to the VOD?

Description

Time

  • Played on: Oct. 13, 2016, 12:56 p.m.
  • Length: 17:59
Show
View Real Time Build Order
Export as new Build Order

neulaender Zerg 

Build Orders: Pool First, Zergling Baneling 

Get SALT Encoding   

  12  0:01  Drone  
  13  0:12  Overlord  
  13  0:17  Drone  
  14  0:31  Drone x2  
  14  0:34  Drone  
  17  0:40  Extractor  
  16  0:48  Spawning Pool  
  15  0:51  Drone  
  15  0:55  Drone  
  17  1:06  Drone  
  18  1:17  Drone  
  19  1:27  Overlord  
  19  1:35  Queen  
  21  1:42  Metabolic Boost  
  21  1:47  Drone  
  22  1:57  Drone, Hatchery  
  22  2:03  Overlord  
  22  2:09  Evolution Chamber  
  21  2:24  Baneling Nest, Drone  
  21  2:25  Drone  
  22  2:33  Zergling x2  
  23  2:40  Zerg Melee Weapons Level 1  
  23  2:48  Zergling x6  
  26  3:06  Drone  
  25  3:13  Zergling x4  
  27  3:23  Zergling x8  
  27  3:47  Baneling x3  
  24  3:50  Spine Crawler  
  24  3:54  Spine Crawler  
  24  3:55  Lair  
  22  3:56  Zergling x2  
  22  3:57  Zergling x10  
  27  4:12  Drone  
  28  4:17  Baneling  
  28  4:18  Baneling x2  
  24  4:26  Zergling x2  
  24  4:27  Zergling x10  
  29  4:46  Zergling x8  
  29  4:47  Roach Warren  
  29  4:48  Baneling x2  
  29  4:49  Baneling x2  
  29  4:52  Zergling x2  
  31  5:10  Zergling x2  
  31  5:11  Zergling x4  
  28  5:26  Zergling x2  
  28  5:27  Zergling x4  
  30  5:33  Drone  
  31  5:45  Drone  
  31  5:48  Hatchery  
  31  6:00  Zergling x2  
  23  6:20  Zergling x8  
  27  6:27  Queen  
  27  6:30  Glial Reconstitution, Zerg Ground Armor Level 1  
  29  6:34  Zergling x2  
  30  6:46  Drone  
  31  6:48  Baneling x3  
  31  7:02  Drone  
  32  7:15  Drone x5  
  37  7:24  Extractor  
  36  7:30  Drone x2  
  36  7:35  Drone  
  39  7:59  Drone x2  
  39  8:00  Drone x3  
  39  8:03  Tunneling Claws  
  44  8:10  Overlord x2  
  44  8:16  Spine Crawler  
  43  8:38  Drone  
  43  8:39  Drone x6  
  49  8:42  Extractor  
  49  8:44  Drone, Zerg Ground Armor Level 2, Extractor  
  49  8:47  Zergling x10  
  48  9:00  Drone x3  
  51  9:05  Hatchery  
  51  9:07  Zergling x6  
  53  9:14  Centrifical Hooks  
  53  9:22  Baneling x6  
  53  9:39  Drone x2  
  53  9:40  Drone x3  
  58  9:58  Overlord x3  
  58  9:59  Overlord  
  58  10:10  Extractor  
  58  10:11  Queen  
  59  10:15  Extractor  
  58  10:21  Drone x2  
  58  10:22  Drone x7  
  67  10:29  Drone x3  
  67  10:30  Drone  
  67  10:31  Drone x2  
  67  10:34  Queen  
  71  10:42  Roach  
  69  10:43  Roach x2  
  69  10:49  Spine Crawler  
  72  10:50  Spine Crawler  
  71  11:01  Spine Crawler  
  71  11:03  Spine Crawler  
  69  11:04  Roach  
  69  11:05  Roach x5  
  69  11:06  Spine Crawler  
  78  11:13  Zergling x4  
  78  11:14  Zergling x8  
  78  11:15  Zergling x2  
  75  11:39  Roach x2  
  78  11:40  Zergling x8, Roach x4  
  74  11:54  Drone x2  
  68  11:58  Zerg Melee Weapons Level 2  
  68  11:59  Roach  
  68  12:00  Roach x3  
  75  12:10  Drone  
  75  12:23  Roach x6  
  85  12:35  Drone  
  85  12:36  Drone x2  
  89  12:37  Drone  
  89  12:51  Roach x5, Hydralisk Den  
  92  12:55  Overlord x2  
  98  13:12  Overlord x3  
  98  13:13  Queen  
  98  13:15  Zergling x2  
  98  13:16  Zergling x10  
  104  13:33  Burrow  
  103  13:34  Roach  
  103  13:35  Roach x8  
  117  13:42  Zergling x2  
  117  13:43  Zergling x4  
  92  13:49  Zergling x2  
  92  13:50  Zergling x4  
  81  13:57  Zergling x2  
  81  13:58  Zergling x4  
  80  14:20  Zergling x14  
  80  14:21  Zergling x4  
  87  14:45  Zergling x6  
  83  14:46  Zergling x10  
  83  14:54  Zergling x12  
  57  15:30  Zergling x2  
  57  15:31  Zergling x28  
  72  15:36  Roach  
  74  15:48  Roach x3  
  74  15:49  Roach x8  
  93  16:03  Zergling x2  
  93  16:04  Zergling x2, Roach x3  
  81  16:19  Zergling x6  
  81  16:20  Zergling x2  
  73  16:39  Zergling x2  
  67  16:40  Zergling x16  
  68  16:55  Roach x2  
  68  16:56  Roach x8  
  68  17:17  Roach x6  
  61  17:29  Roach x2  
Show
View Real Time Build Order
Export as new Build Order

Baumdoktor Protoss 

Build Orders: 1 Gate Expand 

Get SALT Encoding   

  12  0:02  Probe (Chrono Boost)  
  13  0:12  Probe (Chrono Boost)  
  14  0:19  Pylon  
  14  0:23  Probe (Chrono Boost)  
  15  0:38  Probe (Chrono Boost)  
  15  0:40  Gateway  
  16  0:48  Probe (Chrono Boost)  
  17  0:59  Probe (Chrono Boost)  
  18  1:09  Probe (Chrono Boost)  
  19  1:19  Nexus  
  19  1:25  Pylon  
  19  1:36  Probe (Chrono Boost)  
  20  1:44  Assimilator  
  20  1:48  Probe (Chrono Boost)  
  20  1:49  Assimilator  
  21  1:58  Probe (Chrono Boost)  
  21  2:00  Cybernetics Core  
  22  2:07  Gateway  
  22  2:16  Probe (Chrono Boost)  
  22  2:22  Gateway  
  23  2:32  Probe (Chrono Boost)  
  23  2:35  Probe (Chrono Boost)  
  25  2:43  Warp Gate, Probe (Chrono Boost)  
  26  2:45  Probe (Chrono Boost)  
  27  2:56  Probe (Chrono Boost)  
  28  3:06  Probe (Chrono Boost)  
  28  3:10  Adept x2  
  33  3:17  Probe (Chrono Boost)  
  34  3:28  Mothership Core (Chrono Boost)  
  28  4:42  Pylon  
  28  4:48  Pylon  
  28  4:49  Pylon  
  28  4:54  Pylon  
  28  5:00  Probe (Chrono Boost)  
  29  5:10  Gateway  
  29  5:11  Probe (Chrono Boost)  
  29  5:12  Gateway  
  29  5:13  Gateway  
  30  5:15  Gateway  
  30  5:16  Stalker  
  30  5:17  Gateway x2, Stalker  
  36  5:22  Mothership Core (Chrono Boost)  
  36  5:37  Nexus  
  36  5:40  Probe (Chrono Boost), Pylon x2  
  37  5:46  Assimilator  
  37  5:50  Probe (Chrono Boost)  
  37  5:51  Assimilator  
  38  6:01  Probe (Chrono Boost)  
  38  6:03  Stalker x2  
  43  6:09  Zealot  
  43  6:11  Probe (Chrono Boost), Adept  
  48  6:42  Stalker x5  
  58  7:24  Twilight Council  
  58  7:25  Robotics Facility  
  58  7:28  Robotics Facility  
  58  7:39  Probe (Chrono Boost)  
  59  7:50  Probe (Chrono Boost)  
  60  8:00  Probe (Chrono Boost), Adept x4  
  60  8:01  Adept x2  
  60  8:02  Adept x3  
  79  8:11  Probe (Chrono Boost)  
  80  8:13  Resonating Glaives  
  80  8:21  Probe (Chrono Boost)  
  81  8:27  Observer  
  81  8:28  Immortal  
  86  8:48  Pylon  
  84  9:04  Immortal  
  68  9:19  Stalker  
  68  9:20  Stalker x6  
  68  9:21  Stalker  
  79  9:53  Charge  
  79  9:58  Immortal x2  
  87  10:07  Stalker x2  
  87  10:12  Sentry  
  93  10:27  Nexus  
  93  10:32  Assimilator  
  93  10:35  Assimilator  
  93  10:41  Pylon  
  93  10:42  Pylon  
  46  11:20  Zealot x2  
  46  11:21  Zealot x3  
  46  11:22  Zealot x3  
  46  11:23  Zealot  
  38  11:41  Mothership Core (Chrono Boost)  
  38  11:43  Zealot x3  
  38  11:44  Zealot x3  
  38  11:45  Zealot x3  
  48  12:06  Stalker x4  
  52  12:10  Zealot  
  55  12:30  Probe (Chrono Boost)  
  55  12:36  Zealot x3  
  61  12:40  Probe (Chrono Boost)  
  62  12:51  Probe (Chrono Boost)  
  63  12:52  Templar Archives  
  63  13:01  Probe (Chrono Boost)  
  64  13:12  Probe (Chrono Boost)  
  65  13:22  Probe (Chrono Boost), Pylon  
  66  13:33  Probe (Chrono Boost)  
  67  13:34  High Templar x2  
  67  13:35  High Templar x4  
  67  13:36  High Templar  
  67  13:37  High Templar x2  
  67  13:40  Archon  
  67  13:41  Archon x3  
  47  14:09  Zealot x3  
  49  14:10  Zealot  
  49  14:11  Zealot x5  
  39  14:55  High Templar x4  
  39  14:56  High Templar x4  
  55  15:04  Archon x3  
  55  15:05  Archon  
  55  15:09  Zealot  
  57  15:32  Zealot x4  
  57  15:33  Zealot x4  
  54  16:16  Zealot  
  54  16:17  Zealot x5  
  62  16:18  Zealot x2  
  62  16:19  Zealot  
  41  16:47  Mothership Core (Chrono Boost)  
  41  17:01  Pylon  
  41  17:02  Pylon  
  41  17:03  Pylon  
  39  17:20  Zealot x3  
  39  17:21  Zealot x5  
  39  17:22  Zealot  
Show
View Real Time Build Order
Export as new Build Order

BennTenn Terran 

Build Orders:  

Get SALT Encoding   

  12  0:18  SCV  
  13  0:24  Supply Depot  
  13  0:30  SCV  
  14  0:42  SCV  
  15  0:48  Barracks  
  15  0:54  SCV  
  16  1:06  SCV  
  16  1:09  Refinery  
  17  1:19  SCV  
  18  1:31  SCV  
  19  1:33  Refinery  
  19  1:45  SCV  
  20  1:57  Barracks Reactor, SCV  
  21  2:27  Factory  
  21  2:33  Supply Depot  
  21  2:36  SCV  
  22  2:42  Marine  
  23  2:49  Orbital Command  
  23  2:55  Marine  
  24  3:00  Marine  
  25  3:13  Marine  
  25  3:17  Marine  
  27  3:22  Command Center  
  27  3:24  Factory Tech Lab  
  27  3:26  Armory  
  27  3:30  Marine  
  27  3:32  Supply Depot  
  28  3:35  Marine  
  29  3:48  Marine  
  29  3:53  Marine  
  31  4:04  Siege Tank  
  31  4:06  Marine  
  34  4:11  Marine  
  29  4:24  Marine  
  29  4:29  Marine  
  31  4:36  Thor  
  37  4:39  SCV  
  37  4:42  Marine  
  39  4:46  Marine  
  39  4:51  SCV  
  41  4:59  Marine  
  41  5:03  SCV  
  41  5:04  Marine  
  41  5:17  Marine  
  41  5:19  Thor  
  48  5:25  SCV  
  49  5:37  SCV  
  50  5:49  SCV  
  51  5:50  Marine x2  
  53  5:58  Supply Depot  
  53  6:02  SCV  
  54  6:13  Marine  
  54  6:14  Refinery, SCV  
  49  6:19  Thor  
  55  6:38  Starport  
  55  6:41  Supply Depot, Marine x2  
  57  6:50  SCV  
  58  6:57  SCV  
  58  6:59  Marine x2  
  61  7:02  Thor, SCV  
  68  7:09  Refinery  
  68  7:17  Marine x2  
  68  7:18  Terran Vehicle Weapons Level 1  
  70  7:23  Starport  
  70  7:34  Engineering Bay  
  70  7:53  Command Center  
  70  7:56  Supply Depot  
  70  7:57  Starport Reactor, Supply Depot  
  70  8:04  Starport Tech Lab  
  70  8:07  Supply Depot  
  70  8:17  Thor, Marine x2  
  78  8:20  Planetary Fortress  
  78  8:32  Supply Depot  
  78  8:35  Marine x2  
  62  9:12  Terran Ship Weapons Level 1  
  61  9:24  SCV  
  61  9:25  Supply Depot  
  61  9:27  SCV  
  63  9:33  Refinery  
  63  9:36  SCV  
  63  9:38  Terran Infantry Weapons Level 1  
  64  9:39  SCV  
  65  9:48  Thor, SCV  
  65  9:50  Fusion Core  
  65  9:51  Marine, SCV  
  65  9:52  Marine  
  75  10:00  SCV  
  75  10:03  SCV  
  77  10:09  Marine  
  77  10:10  Marine  
  77  10:12  SCV  
  80  10:15  SCV  
  81  10:24  SCV  
  81  10:27  SCV, Marine x2  
  85  10:30  Refinery  
  85  10:34  Thor  
  91  10:37  SCV  
  91  10:40  SCV  
  92  10:45  Marine x2  
  80  10:52  SCV  
  67  11:03  Marine x2  
  67  11:04  SCV  
  68  11:06  Terran Vehicle Weapons Level 2  
  60  11:15  Viking x2  
  60  11:16  Thor  
  70  11:20  Marine  
  70  11:21  Marine  
  72  11:32  Terran Infantry Armor Level 1  
  72  11:38  Marine  
  72  11:39  Marine  
  74  11:45  Viking x2  
  78  11:48  Missile Turret  
  78  11:56  Marine  
  78  11:57  Marine  
  80  12:23  Orbital Command  
  80  12:27  SCV  
  77  12:40  SCV  
  77  12:41  Medivac x2  
  77  12:44  Marine x2  
  83  12:45  Thor  
  90  12:52  SCV  
  91  13:01  Marine  
  91  13:02  Weapon Refit, Marine  
  91  13:04  SCV  
  94  13:05  Supply Depot  
  94  13:11  Medivac  
  96  13:17  Ghost Academy  
  96  13:19  Marine  
  90  13:20  Marine  
  90  13:26  Hi-Sec Auto Tracking  
  91  13:28  Thor  
  97  13:37  Marine x2  
  93  13:55  Marine x2  
  78  14:11  Thor  
  78  14:13  Marine x2  
  86  14:23  Terran Infantry Weapons Level 2  
  86  14:30  Marine  
  86  14:31  Marine  
  88  14:48  Marine  
  88  14:49  Marine  
  90  14:54  Thor  
  93  15:06  Marine  
  93  15:07  Marine  
  90  15:13  Battlecruiser  
  37  16:06  Marine x2  
  39  16:17  Banshee  
  42  16:24  Marine x2  
  38  16:41  Marine  
  38  16:42  Marine  
  40  16:55  Command Center  
  39  17:21  Marine x2  
Show
View Real Time Build Order
Export as new Build Order

A.I. 3 (Elite) Zerg 

Build Orders: Pool First, Zergling Baneling 

Get SALT Encoding   

  12  0:01  Drone  
  13  0:08  Drone  
  14  0:17  Overlord  
  14  0:36  Spawning Pool  
  14  0:38  Extractor  
  14  0:39  Drone  
  13  0:44  Drone  
  13  0:47  Drone  
  15  1:23  Zergling x6  
  18  1:25  Queen  
  20  1:34  Zergling x2  
  20  1:37  Baneling Nest  
  20  1:45  Drone  
  21  1:56  Zergling x2  
  22  2:07  Overlord  
  22  2:25  Baneling, Zergling x2  
  22  2:28  Baneling, Zergling x2  
  24  2:31  Baneling  
  24  2:32  Zergling x6  
  24  2:33  Baneling x2  
  27  2:39  Zergling x2  
  27  2:40  Baneling  
  27  2:43  Baneling  
  28  2:49  Baneling  
  28  2:50  Zergling x2  
  29  3:01  Zergling x2  
  30  3:07  Overlord  
  29  3:18  Baneling  
  29  3:25  Zergling x6  
  31  3:35  Zergling x4  
  31  3:36  Zergling x2  
  31  3:37  Zergling x2  
  34  3:42  Baneling  
  34  3:43  Baneling  
  32  3:53  Baneling x2  
  32  3:55  Zergling x2  
  32  4:00  Zergling x2  
  32  4:07  Zergling x2  
  33  4:10  Zergling x2  
  33  4:12  Baneling  
  33  4:15  Zergling x2  
  35  4:17  Baneling  
  35  4:18  Baneling  
  35  4:24  Overlord  
  35  4:42  Roach Warren  
  34  4:56  Lair  
  34  5:23  Roach, Extractor  
  35  5:41  Drone  
  36  5:47  Drone  
  36  5:48  Roach  
  39  5:51  Overlord  
  39  5:58  Hydralisk Den  
  39  6:01  Roach  
  40  6:11  Roach  
  42  6:16  Drone  
  32  6:23  Drone  
  31  6:29  Drone, Hydralisk  
  34  6:40  Hydralisk  
  36  6:50  Hydralisk  
  38  7:00  Hydralisk  
  40  7:06  Drone  
  41  7:11  Drone  
  41  7:15  Drone  
  43  7:19  Drone  
  44  7:24  Drone  
  44  7:29  Drone  
  46  7:33  Drone  
  47  7:38  Drone  
  47  7:44  Overlord  
  48  7:49  Drone  
  49  8:06  Zergling x2, Roach, Hydralisk  
  54  8:17  Roach  
  56  8:21  Overlord  
  56  8:22  Roach  
  56  8:24  Roach, Overseer  
  60  8:30  Hydralisk  
  62  8:49  Hatchery  
  62  8:52  Zergling x2  
  62  8:55  Zergling x2  
  63  9:01  Overlord  
  63  9:03  Zergling x2  
  63  9:06  Zergling x2  
  63  9:08  Baneling  
  65  9:11  Zergling x2  
  65  9:16  Baneling x2  
  66  9:22  Metabolic Boost, Zergling x2  
  67  9:27  Roach  
  67  9:35  Evolution Chamber  
  66  10:01  Drone x2  
  66  10:02  Zerg Ground Armor Level 1  
  66  10:04  Drone  
  69  10:09  Drone  
  70  10:14  Drone  
  70  10:19  Drone  
  72  10:22  Drone  
  72  10:27  Drone  
  74  10:31  Drone  
  75  10:38  Overlord  
  75  10:41  Drone  
  76  10:43  Drone  
  76  10:45  Drone  
  76  10:48  Drone  
  65  10:53  Roach  
  55  10:58  Roach, Hydralisk  
  55  11:03  Hydralisk  
  56  11:06  Zergling x2  
  56  11:08  Zergling x2  
  56  11:09  Hydralisk  
  53  11:14  Roach  
  53  11:17  Roach  
  55  11:24  Hydralisk  
  57  11:28  Roach  
  59  11:38  Infestation Pit  
  58  11:41  Drone  
  59  12:06  Baneling, Zergling x2  
  59  12:07  Baneling x2, Zergling x2  
  59  12:08  Baneling, Zergling x2  
  62  12:09  Roach  
  62  12:10  Roach  
  62  12:13  Zergling x2  
  62  12:15  Zergling x2  
  68  12:16  Hive, Zergling x2  
  68  12:18  Zergling x2  
  68  12:20  Zergling x2  
  71  12:24  Baneling  
  71  12:25  Zergling x2  
  71  12:26  Baneling  
  72  12:31  Zergling x2  
  72  12:35  Roach x2  
  72  12:36  Zerg Melee Weapons Level 1  
  77  12:37  Overlord  
  77  12:48  Evolution Chamber  
  77  12:50  Extractor  
  77  12:51  Drone, Evolution Chamber  
  76  12:53  Roach  
  76  12:55  Drone  
  76  12:58  Roach  
  80  13:09  Extractor  
  79  13:13  Drone  
  79  13:14  Drone, Zerg Missile Weapons Level 1  
  79  13:17  Overlord, Roach  
  79  13:18  Roach x2  
  85  13:20  Zergling x2  
  85  13:22  Zergling x2  
  80  13:30  Ultralisk Cavern, Zergling x2  
  80  13:33  Drone  
  79  13:38  Zergling x2  
  79  13:39  Zergling x2  
  79  13:40  Zergling x4  
  81  13:45  Zergling x2  
  81  13:46  Baneling  
  81  13:48  Baneling  
  79  13:51  Zergling x2  
  79  13:55  Hydralisk  
  64  13:56  Baneling x2  
  64  14:01  Hydralisk  
  62  14:05  Hydralisk  
  64  14:10  Drone  
  64  14:11  Baneling, Zergling x2, Hydralisk  
  64  14:12  Baneling  
  64  14:13  Zergling x2  
  69  14:17  Zergling x2  
  69  14:23  Roach  
  72  14:28  Ultralisk  
  72  14:29  Baneling  
  78  14:34  Ultralisk  
  84  14:39  Roach  
  84  14:42  Baneling, Roach  
  84  14:43  Roach  
  84  14:44  Baneling  
  90  14:47  Baneling  
  90  14:50  Baneling  
  90  14:53  Baneling  
  90  14:58  Overlord  
  90  14:59  Overseer  
  90  15:02  Roach  
  92  15:09  Roach  
  94  15:15  Hatchery  
  93  15:30  Overlord, Ultralisk  
  99  15:49  Centrifical Hooks  
  99  16:10  Roach  
  99  16:11  Roach, Overlord  
  103  16:14  Roach x3  
  109  16:28  Drone  
  109  16:29  Drone x2  
  109  16:30  Drone x2  
  109  16:31  Drone, Overlord  
  115  16:37  Drone x2  
  117  16:41  Drone  
  117  16:43  Extractor  
  117  16:48  Drone x2  
  117  16:49  Drone  
  119  17:05  Hatchery  
  119  17:08  Drone x2  
  119  17:09  Drone  
  119  17:11  Zergling x2  
  119  17:12  Zergling x2  
  114  17:18  Ultralisk  
  114  17:21  Infestor  
  116  17:38  Roach  
  118  17:48  Extractor  
Show
View Real Time Build Order
Export as new Build Order

A.I. 4 (Very Hard) Protoss 

Build Orders: Zealot Archon 

Get SALT Encoding   

  12  0:01  Probe (Chrono Boost)  
  13  0:12  Probe (Chrono Boost)  
  14  0:21  Pylon  
  14  0:22  Probe (Chrono Boost)  
  15  0:40  Probe (Chrono Boost)  
  16  0:49  Assimilator  
  16  0:50  Probe (Chrono Boost)  
  16  0:52  Gateway  
  17  1:01  Probe (Chrono Boost), Pylon  
  19  1:11  Probe (Chrono Boost)  
  19  1:22  Probe (Chrono Boost)  
  20  1:32  Probe (Chrono Boost)  
  21  1:40  Zealot  
  21  1:42  Gateway  
  21  1:44  Cybernetics Core, Probe (Chrono Boost)  
  24  1:53  Pylon  
  24  1:55  Probe (Chrono Boost)  
  25  2:05  Zealot  
  25  2:07  Probe (Chrono Boost)  
  28  2:18  Warp Gate, Probe (Chrono Boost)  
  29  2:27  Adept  
  31  2:31  Adept  
  31  2:35  Gateway  
  33  2:44  Gateway  
  33  2:53  Stalker  
  33  2:57  Stalker  
  35  3:05  Pylon  
  37  3:07  Probe (Chrono Boost)  
  37  3:12  Assimilator  
  38  3:18  Probe (Chrono Boost)  
  39  3:21  Adept  
  39  3:25  Adept  
  43  3:31  Stalker  
  45  3:39  Stalker  
  47  3:47  Pylon  
  47  3:53  Zealot  
  47  4:03  Twilight Council  
  43  4:25  Zealot  
  45  4:33  Pylon  
  43  4:41  Templar Archives  
  43  4:55  Zealot  
  45  5:06  Nexus  
  43  5:19  High Templar  
  39  5:24  High Templar  
  41  5:28  Adept  
  43  5:38  Stalker  
  45  5:48  Stalker  
  47  6:04  Zealot  
  47  6:05  Sentry, Zealot  
  47  6:09  Zealot  
  45  6:20  Probe (Chrono Boost)  
  45  6:21  Probe (Chrono Boost)  
  47  6:31  Probe (Chrono Boost)  
  49  6:32  Assimilator  
  49  6:33  Probe (Chrono Boost)  
  49  6:35  High Templar, Assimilator  
  51  6:43  Probe (Chrono Boost), Stalker  
  51  6:44  Probe (Chrono Boost)  
  55  6:48  Adept, Zealot  
  55  6:52  Archon  
  60  6:54  Probe (Chrono Boost)  
  60  6:56  Probe (Chrono Boost)  
  61  7:05  Probe (Chrono Boost), Zealot  
  61  7:07  Probe (Chrono Boost)  
  61  7:08  High Templar  
  67  7:15  Pylon  
  67  7:16  Probe (Chrono Boost)  
  67  7:19  Probe (Chrono Boost)  
  67  7:22  High Templar  
  71  7:28  Probe (Chrono Boost)  
  73  7:30  Probe (Chrono Boost)  
  73  7:34  Robotics Facility  
  73  7:37  Archon  
  73  7:39  Probe (Chrono Boost)  
  73  7:41  Probe (Chrono Boost)  
  73  7:43  Pylon  
  75  7:46  High Templar  
  75  7:50  Probe (Chrono Boost)  
  78  7:53  Probe (Chrono Boost)  
  79  8:00  High Templar  
  79  8:01  Zealot x2  
  79  8:02  Probe (Chrono Boost)  
  79  8:04  Probe (Chrono Boost)  
  87  8:06  Pylon  
  87  8:09  Nexus  
  88  8:13  Archon, Probe (Chrono Boost)  
  88  8:16  Zealot  
  90  8:20  Observer, Stalker  
  90  8:26  High Templar  
  95  8:36  Pylon  
  95  8:40  High Templar  
  97  8:45  Stalker  
  99  8:50  Stalker  
  101  8:56  Zealot  
  101  9:02  Pylon  
  81  9:06  Sentry  
  71  9:10  Zealot  
  71  9:12  Stalker  
  71  9:15  Zealot  
  75  9:24  Probe (Chrono Boost)  
  78  9:25  Probe x2 (Chrono Boost)  
  78  9:28  Sentry  
  78  9:29  Zealot  
  82  9:32  Archon  
  82  9:34  Stalker  
  82  9:35  Probe (Chrono Boost), Assimilator, Zealot  
  82  9:36  Probe (Chrono Boost)  
  82  9:37  Probe (Chrono Boost)  
  89  9:43  Assimilator  
  89  9:47  Probe (Chrono Boost)  
  89  9:48  Probe (Chrono Boost), Zealot  
  89  9:49  Probe (Chrono Boost)  
  89  9:50  Adept  
  96  9:54  Zealot  
  96  9:56  High Templar  
  96  9:58  Probe (Chrono Boost)  
  103  10:00  Probe (Chrono Boost)  
  103  10:01  Probe (Chrono Boost)  
  103  10:06  Zealot  
  105  10:08  Stalker  
  105  10:10  Probe (Chrono Boost)  
  105  10:12  Probe (Chrono Boost), High Templar  
  105  10:13  Probe (Chrono Boost)  
  112  10:20  Pylon  
  113  10:22  Probe (Chrono Boost)  
  113  10:23  Probe (Chrono Boost)  
  113  10:25  Probe (Chrono Boost), Stalker  
  113  10:26  Stalker  
  119  10:30  Zealot  
  119  10:33  Probe (Chrono Boost)  
  119  10:34  Probe (Chrono Boost)  
  123  10:43  Zealot, Pylon  
  123  10:46  Zealot  
  123  10:48  Stalker x2  
  131  11:01  Immortal, Stalker  
  129  11:05  Zealot  
  129  11:06  Pylon  
  129  11:09  Zealot, Stalker  
  133  11:22  Stalker  
  133  11:23  Zealot  
  133  11:24  Archon  
  137  11:27  Robotics Bay, Zealot  
  137  11:31  Zealot  
  135  11:35  Pylon  
  135  11:37  Immortal  
  125  11:42  High Templar  
  125  11:43  Adept  
  125  11:45  Zealot  
  135  11:50  Zealot  
  135  11:52  Forge  
  131  11:57  Pylon  
  131  12:01  Forge  
  111  12:02  Zealot  
  111  12:03  Pylon  
  111  12:04  Zealot  
  111  12:08  Sentry  
  101  12:11  Colossus, High Templar  
  93  12:21  Zealot  
  101  12:22  Zealot  
  101  12:29  Stalker  
  105  12:40  Stalker  
  105  12:41  Stalker  
  105  12:42  Stalker  
  111  12:50  Photon Cannon, Stalker  
  113  13:01  Colossus, Sentry  
  113  13:02  Zealot  
  113  13:03  Stalker  
  113  13:04  Psionic Storm  
  113  13:05  Pylon  
  119  13:09  Robotics Facility  
  119  13:11  Adept  
  127  13:20  Zealot  
  127  13:22  Adept  
  127  13:25  Zealot  
  133  13:30  Zealot  
  135  13:40  Zealot  
  137  13:42  Zealot  
  137  13:44  Zealot  
  137  13:48  Zealot  
  143  13:53  Immortal  
  143  13:54  Protoss Ground Weapons Level 1, Immortal  
  147  13:57  Protoss Ground Armor Level 1, Photon Cannon, Colossus  
  147  14:00  Extended Thermal Lance, Stalker  
  147  14:01  Zealot  
  155  14:09  Photon Cannon  
  155  14:17  Adept  
  155  14:20  Pylon  
  157  14:29  Immortal  
  157  14:31  Colossus  
  144  14:44  Gateway, Probe (Chrono Boost)  
  124  14:58  Probe x2 (Chrono Boost), Charge  
  124  14:59  Probe (Chrono Boost)  
  127  15:06  Disruptor  
  127  15:09  Probe (Chrono Boost)  
  127  15:11  Probe (Chrono Boost)  
  127  15:12  Probe (Chrono Boost)  
  131  15:20  Probe (Chrono Boost)  
  124  15:23  Probe (Chrono Boost), Warp Prism  
  124  15:27  Probe (Chrono Boost)  
  128  15:32  Probe (Chrono Boost)  
  128  15:33  Zealot  
  131  15:37  Zealot  
  131  15:40  Immortal  
  131  15:41  Zealot  
  133  15:45  Zealot  
  127  15:50  Zealot  
  127  15:53  Zealot  
  127  15:56  Zealot  
  131  16:01  Zealot  
  123  16:05  Sentry  
  123  16:10  Zealot  
  123  16:12  Stalker  
  123  16:16  Adept  
  113  16:21  Stalker  
  111  16:28  Stalker  
  111  16:31  Stalker  
  111  16:36  Adept  
  99  16:40  Stalker  
  99  16:45  Stalker  
  89  16:51  Immortal  
  82  16:59  Adept  
  88  17:02  Zealot  
  88  17:06  Zealot  
  92  17:11  Zealot  
  92  17:14  Zealot  
  96  17:24  Zealot x2  
  96  17:29  Zealot  
  102  17:32  Zealot  
Show
View Real Time Build Order
Export as new Build Order

A.I. 5 (Elite) Protoss 

Build Orders:  

Get SALT Encoding   

  12  0:01  Probe (Chrono Boost)  
  13  0:11  Probe (Chrono Boost)  
  14  0:20  Pylon  
  14  0:22  Probe (Chrono Boost)  
  15  0:38  Probe (Chrono Boost)  
  16  0:47  Assimilator  
  16  0:49  Gateway, Probe (Chrono Boost)  
  17  0:59  Probe (Chrono Boost)  
  17  1:00  Pylon  
  18  1:10  Probe (Chrono Boost)  
  19  1:20  Probe (Chrono Boost)  
  20  1:31  Probe (Chrono Boost)  
  21  1:36  Zealot  
  21  1:37  Gateway  
  23  1:40  Cybernetics Core  
  23  1:43  Probe (Chrono Boost)  
  24  1:49  Pylon  
  25  1:54  Probe (Chrono Boost)  
  25  2:01  Zealot  
  25  2:03  Assimilator  
  27  2:10  Probe (Chrono Boost)  
  28  2:15  Warp Gate  
  28  2:21  Probe (Chrono Boost)  
  28  2:22  Adept  
  29  2:27  Adept  
  33  2:39  Robotics Facility  
  33  2:42  Probe (Chrono Boost)  
  34  2:47  Adept  
  36  2:54  Adept  
  38  3:02  Pylon  
  38  3:04  Probe (Chrono Boost)  
  39  3:19  Adept  
  39  3:20  Sentry  
  39  3:22  Probe (Chrono Boost)  
  43  3:28  Immortal  
  47  3:44  Pylon  
  47  4:00  Pylon  
  47  4:02  Stalker x2  
  49  4:09  Immortal  
  55  4:21  Probe (Chrono Boost), Pylon  
  56  4:39  Stalker  
  56  4:40  Stalker  
  60  5:00  Gateway  
  60  5:01  Stalker  
  60  5:02  Sentry  
  60  5:05  Pylon  
  50  5:22  Stalker  
  50  5:24  Sentry  
  48  5:32  Nexus  
  48  5:44  Adept  
  48  5:45  Zealot  
  52  5:54  Zealot  
  54  6:03  Adept  
  56  6:05  Stalker  
  58  6:15  Stalker  
  60  6:22  Forge  
  60  6:24  Zealot  
  62  6:45  Forge  
  62  6:46  Protoss Ground Armor Level 1, Probe (Chrono Boost)  
  63  6:49  Probe (Chrono Boost)  
  64  6:57  Probe (Chrono Boost)  
  64  7:00  Probe (Chrono Boost)  
  67  7:08  Observer  
  67  7:09  Protoss Ground Weapons Level 1, Probe (Chrono Boost)  
  67  7:12  Probe (Chrono Boost)  
  69  7:20  Probe (Chrono Boost)  
  71  7:23  Probe (Chrono Boost)  
  71  7:31  Probe (Chrono Boost)  
  71  7:34  Probe (Chrono Boost)  
  73  7:42  Robotics Bay  
  73  7:43  Probe (Chrono Boost)  
  74  7:47  Probe (Chrono Boost)  
  74  7:50  Nexus  
  75  8:12  Assimilator  
  75  8:15  Immortal  
  79  8:25  Pylon  
  79  8:32  Assimilator  
  79  8:40  Zealot  
  81  8:44  Sentry  
  81  8:47  Adept  
  85  8:50  Pylon  
  85  8:51  Immortal  
  89  8:57  Probe x2 (Chrono Boost)  
  89  8:59  Adept  
  93  9:06  Zealot x2  
  93  9:08  Probe (Chrono Boost)  
  91  9:11  Probe (Chrono Boost)  
  91  9:12  Probe (Chrono Boost)  
  90  9:18  Zealot  
  90  9:19  Probe (Chrono Boost)  
  90  9:23  Probe x2 (Chrono Boost)  
  95  9:24  Zealot  
  95  9:27  Zealot  
  95  9:30  Probe (Chrono Boost), Immortal  
  98  9:34  Probe (Chrono Boost)  
  98  9:36  Probe (Chrono Boost)  
  104  9:41  Probe (Chrono Boost)  
  104  9:45  Probe (Chrono Boost)  
  106  9:47  Probe (Chrono Boost)  
  106  9:52  Probe (Chrono Boost)  
  108  9:56  Probe (Chrono Boost)  
  108  9:58  Probe (Chrono Boost), Pylon  
  110  10:03  Probe (Chrono Boost)  
  110  10:05  Immortal  
  110  10:06  Probe (Chrono Boost)  
  112  10:08  Probe (Chrono Boost)  
  118  10:14  Probe (Chrono Boost)  
  118  10:17  Probe (Chrono Boost)  
  118  10:20  Probe (Chrono Boost)  
  120  10:23  Pylon  
  120  10:41  Immortal  
  120  10:42  Twilight Council  
  120  10:46  Zealot, Pylon  
  120  10:49  Zealot  
  126  10:51  Stalker  
  126  11:02  Assimilator  
  122  11:04  Zealot  
  122  11:07  Adept  
  122  11:09  Pylon  
  126  11:11  Zealot  
  126  11:15  Colossus  
  128  11:19  Nexus  
  128  11:22  Sentry  
  128  11:25  Zealot  
  138  11:28  Probe (Chrono Boost)  
  138  11:30  Adept  
  141  11:34  Pylon, Protoss Ground Armor Level 2  
  141  11:37  Protoss Ground Weapons Level 2  
  141  11:43  Zealot  
  141  11:44  Assimilator, Zealot  
  145  11:48  Zealot  
  147  12:02  Adept  
  147  12:03  Colossus, Adept, Pylon  
  147  12:07  Pylon  
  147  12:08  Probe (Chrono Boost)  
  153  12:09  Probe (Chrono Boost)  
  153  12:11  Pylon  
  153  12:15  Gateway  
  159  12:30  Photon Cannon  
  159  12:33  Probe (Chrono Boost)  
  159  12:34  Probe (Chrono Boost)  
  159  12:35  Probe x2 (Chrono Boost)  
  163  12:52  Disruptor  
  163  12:53  Assimilator  
  163  12:56  Pylon  
  166  13:00  Photon Cannon  
  166  13:02  Assimilator  
  166  13:06  Pylon  
  166  13:09  Pylon  
  166  13:17  Photon Cannon  
  166  13:19  Photon Cannon  
  166  13:26  Observer  
  166  13:27  Photon Cannon  
  167  13:34  Photon Cannon  
  167  13:39  Photon Cannon  
  153  13:43  Adept, Warp Prism  
  153  13:44  Photon Cannon, Zealot  
  153  13:45  Zealot  
  153  13:46  Zealot  
  129  14:02  Zealot  
  109  14:03  Zealot  
  109  14:04  Sentry, Zealot  
  93  14:15  Immortal  
  93  14:20  Zealot  
  93  14:21  Zealot  
  93  14:23  Stalker  
  103  14:25  Zealot  
  105  14:36  Robotics Facility  
  105  14:38  Zealot  
  105  14:39  Zealot  
  105  14:43  Adept  
  105  14:44  Sentry  
  113  14:50  Disruptor  
  113  14:56  Stalker  
  113  14:58  Stalker  
  113  14:59  Gateway  
  120  15:02  Adept, Stargate  
  120  15:05  Zealot  
  124  15:11  Forge  
  124  15:17  Zealot  
  124  15:19  Adept, Immortal  
  124  15:21  Zealot  
  130  15:22  Disruptor  
  130  15:23  Stalker  
  139  15:35  Zealot  
  139  15:36  Robotics Facility  
  139  15:37  Zealot  
  139  15:39  Adept  
  145  15:45  Stalker  
  147  15:55  Gateway, Immortal, Stalker x2  
  151  15:57  Adept, Zealot  
  151  15:58  Observer  
  160  16:07  Stalker  
  162  16:15  Immortal, Stalker  
  162  16:16  Zealot, Stalker  
  162  16:17  Stalker  
  170  16:21  Disruptor  
  177  16:30  Stalker  
  177  16:31  Colossus  
  179  16:35  Zealot  
  179  16:37  Sentry  
  179  16:39  Stalker  
  191  16:40  Adept  
  193  16:52  Immortal  
  193  16:54  Warp Prism  
  198  17:21  Stalker  
  190  17:24  Observer  
  190  17:25  Stalker  
  190  17:26  Stalker x2  
  190  17:27  Stalker  
  199  17:50  Sentry  
Tags
 
Add a new tag
Caveats
  • Supply blocks, unpowered buildings, or Contaminate may cause inaccurate times.
  • Supply counts are checked every 10 seconds.